 Dungeon Crawl Stone Soup version 0.31-a0-1522-g43313d8a59 (webtiles) character file.

Game seed: 930686088964944131

60 Dirian the Trooper (level 3, -5/33 HPs)
             Began as a Minotaur Fighter on Dec 30, 2023.
             Slain by Crazy Yiuf
             ... wielding a +3 quarterstaff of chaos
              (13 damage)
             ... on level 2 of the Dungeon.
             The game lasted 00:01:33 (1552 turns).

Dirian the Trooper (Minotaur Fighter)               Turns: 1552, Time: 00:01:33

Health: -5/33      AC:  8    Str: 22    XL:     3   Next: 80%
Magic:  0/2        EV:  9    Int:  5    God:
Gold:   136        SH:  4    Dex:  9    Spells: 2/2 levels left

rFire   . . .        a - +0 war axe
rCold   . . .        c - +0 buckler
rNeg    . . .        b - +0 scale mail
rPois   .            (helmet restricted)
rElec   .            (no cloak)
rCorr   .            l - +0 pair of gloves
SInv    .            (no boots)
Will    +....        (no amulet) Stlth
                     i - ring of willpower
HPRegen 0.25/turn    (no ring)
MPRegen 0.08/turn

%: no passive effects
@: lethally poisoned (-5 -> -21)
A: horns 2, retaliatory headbutt
a: no special abilities


You were on level 2 of the Dungeon.
You visited 1 branch of the dungeon, and saw 2 of its levels.

You collected 136 gold pieces.

Inventory:

Hand Weapons
 a - a +0 war axe (weapon)
 g - a +0 broad axe
Armour
 b - a +0 scale mail (worn)
 c - a +0 buckler (worn)
 l - a +0 pair of gloves (worn)
 o - a +0 chain mail
Jewellery
 i - a ring of willpower (left hand)
Scrolls
 h - 3 scrolls of identify {unknown}
 k - a scroll of noise {unknown}
 m - a scroll of butterflies {unknown}
 n - 2 scrolls of poison {unknown}
Potions
 d - a potion of might
 e - a potion of ambrosia {unknown}
 f - a potion of haste {unknown}
 j - 3 potions of enlightenment {unknown}


   Skills:
 + Level 4.2 Fighting
 + Level 3.5 Axes
 + Level 4.1 Armour
 + Level 4.2 Shields


You had 2 spell levels left.
You didn't know any spells.
Your spell library contained the following spells:

 Spells                   Type           Power      Damage    Failure   Level
 Magic Dart               Conj           0%         1d3       86%         1
 Blink                    Tloc           0%         N/A       94%         2
 Lesser Beckoning         Tloc           0%         N/A       94%         2
 Momentum Strike          Conj/Tloc      0%         3d8       94%         2
 Searing Ray              Conj           0%         2d4       94%         2
 Fulminant Prism          Conj/Alch      0%         3d5       100%        4


Dungeon Overview and Level Annotations

Branches:
Dungeon (2/15) Zot: 10413

Altars:
Sif Muna

Annotations:
D:2 Crazy Yiuf


Innate Abilities, Weirdness & Mutations

You have a pair of horns on your head.
You reflexively headbutt those who attack you in melee.


Message History

No target in view!
No target in view!
No target in view!
There is a stone staircase leading up here.
Found an escape hatch in the ceiling.
You see here 3 stones.
Things that are here:
a +0 short sword; 5 stones Crazy Yiuf shouts!
Crazy Yiuf says, "Mountain head sing!"
Crazy Yiuf grits, "Papa!"
Could not explore, unopened runed door.
Could not explore, unopened runed door.
Press: ? - help, v - describe, . - travel
Here: Crazy Yiuf, wielding a +3 quarterstaff of chaos and wearing a +1 cloak (fire blocked by a runed translucent door)
The floor.
Unknown command.
Okay, then.
As you open the door, it creaks loudly!
You barely miss Crazy Yiuf. Crazy Yiuf closely misses you.
You closely miss Crazy Yiuf.
Crazy Yiuf hits you with a +3 quarterstaff of chaos!
You feel your power leaking away.
You barely miss Crazy Yiuf.
Crazy Yiuf laughs, "Two!
Flower testudinal mumblescurry."
Crazy Yiuf hits you with a +3 quarterstaff of chaos.
You closely miss Crazy Yiuf. Your headbutt misses Crazy Yiuf.
You block Crazy Yiuf's attack. Crazy Yiuf hits you but does no damage.
You barely miss Crazy Yiuf. Crazy Yiuf misses you.
You slash Crazy Yiuf!
Crazy Yiuf is heavily wounded.
Crazy Yiuf yells, "Cards King wrapper!"
You block Crazy Yiuf's attack.
You slash Crazy Yiuf!
Crazy Yiuf is almost dead.
Crazy Yiuf hits you with a +3 quarterstaff of chaos!
* * * LOW HITPOINT WARNING * * *
You are lethally poisoned!
Crazy Yiuf hits you with a +3 quarterstaff of chaos!
You die...

.........#####....#
######## .##.>.##.#
#....# ......##.###
♣P.P.♣ .####......#
♣.P.♣♣ ...##.######
♣♣.♣♣ ...##.# ♣.♣♣
...##.### ♣♣.♣
...##.#.## ♣.♣♣
...##).#.# ♣♣@♣
#######.## #g# #.#
... ## #.# #...#
.## #.# #..)#
..#####.# #####
........# .##.#####
##.##


You could see Crazy Yiuf.

Vanquished Creatures
  A gnoll (D:1)
  2 dart slugs (D:1)
  A ribbon worm (D:2)
  4 endoplasms
  2 giant cockroaches (D:1)
  5 goblins (D:1)
  3 hobgoblins
  3 jackals (D:2)
  6 ball pythons
  5 bats
  6 kobolds
  4 rats
42 creatures vanquished.

Notes
Turn   | Place    | Note
-------+----------+-------------------------------------------
     0 | D:1      | Dirian the Minotaur Fighter began the quest for the Orb.
     0 | D:1      | Reached XP level 1. HP: 19/19 MP: 0/0
   194 | D:1      | Reached XP level 2. HP: 21/27 MP: 1/1
   376 | D:1      | Reached XP level 3. HP: 33/33 MP: 2/2
  1045 | D:2      | Found a runed translucent door.
  1046 | D:2      | Noticed Crazy Yiuf
  1213 | D:2      | Found a shimmering blue altar of Sif Muna.
  1552 | D:2      | Slain by Crazy Yiuf

Illustrated notes

Levels and vault maps discovered:
D:1:      nzn_arrival_crosshair, layout_basic, minmay_tetromino_s4
D:2:      layout_loops_cross, basic_altar, uniq_crazy_yiuf_cottage

Skill      XL: |  1  2 |
---------------+-------+-----
Fighting       | 4 |  4.2
Axes           | 3 |  3.5
Armour         | 4 |  4.1
Shields        | 4 |  4.2

Action                     || total
---------------------------++-------
  Melee: War axe           ||    91
         Headbutt          ||    12
 Armour: Scale mail        ||    57
  Dodge: Dodged            ||    37
  Block: Buckler           ||    33

Table legend: (Time is in decaauts)
 A = Elapsed time spent in this place.
 B = Non-inter-level travel time spent in this place.
 C = Inter-level travel time spent in this place.
 D = Time resting spent in this place.
 E = Time spent auto-exploring this place.
 F = Levels seen in this place.
 G = Mean time per level.
                   A        B        C        D        E       F      G
               +--------+--------+--------+--------+--------+-----+--------+
         Total |   1585 |   1565 |     20 |      0 |   1295 |   2 |  792.5 |
       Dungeon |   1585 |   1565 |     20 |      0 |   1295 |   2 |  792.5 |
               +--------+--------+--------+--------+--------+-----+--------+

Top non-repeatable levels by time:
     D:1: 867 daAuts
     D:2: 717 daAuts
